 Dungeon Crawl Stone Soup version 0.31-a0-702-gf82c85558f (webtiles) character file.

Game seed: 15458699028945330150

14786 qw the Skirmisher (level 12, 0/76 HPs)
             Began as a Gargoyle Hunter on Sept 8, 2023.
             Was an Elder of Okawaru.
             Slain by a demonic crawler (10 damage)
             ... on level 2 of the Lair of Beasts.
             The game lasted 00:04:30 (9255 turns).

qw the Skirmisher (Gargoyle Hunter)                 Turns: 9255, Time: 00:04:31

Health: 0/76       AC: 27    Str: 16    XL:     12   Next: 20%
Magic:  19/19      EV: 16    Int: 17    God:    Okawaru [****..]
Gold:   730        SH:  0    Dex: 17    Spells: 11/11 levels left

rFire   . . .        k - +11 sling of the Shifting Ancients {drain, rElec rCorr Int+7}
rCold   . . .        (no shield)
rNeg    + . .        s - +0 acid dragon scales
rPois   inf          j - +0 helmet
rElec   +            l - +0 cloak
rCorr   +            d - +1 pair of gloves
SInv    .            (no boots)
Will    .....        (no amulet)
Stlth   +++          i - +4 ring of protection
HPRegen 0.32/turn    (no ring)
MPRegen 0.16/turn

%: no passive effects
@: heroic
A: sickness immunity, AC +8, negative energy resistance 1, electricity
resistance, torment resistance 1, petrification resistance
a: Renounce Religion, Heroism, Finesse


You were on level 2 of the Lair of Beasts.
You worshipped Okawaru.
Okawaru was greatly pleased with you.
You visited 3 branches of the dungeon, and saw 13 of its levels.

You collected 1450 gold pieces.
You spent 720 gold pieces at shops.


Innate Abilities, Weirdness & Mutations

You are immune to sickness and miasma.
Your stone body is resilient. (AC +8)
You are immune to poison.
You resist negative energy. (rN+)
You are resistant to electric shocks. (rElec)
You are resistant to unholy torment.
You are immune to petrification.


   Skills:
 + Level 9.2(14.2) Fighting
 - Level 14.0(19.0) Ranged Weapons
 - Level 5.8(10.8) Armour
 - Level 4.1(9.1) Dodging
 - Level 1.1(6.1) Stealth
 - Level 10.0 Invocations


You had 11 spell levels left.
You didn't know any spells.
Your spell library was empty.

Inventory:

Hand Weapons
 k - the +11 sling of the Shifting Ancients (weapon) {drain, rElec rCorr Int+7}
   (You found it on level 2 of the Dungeon)

   Int+7:     It affects your intelligence (+7).
   rElec:     It insulates you from electricity.
   rCorr:     It protects you from acid and corrosion.
Armour
 d - a +1 pair of gloves (worn)
 g - a +0 troll leather armour
 j - a +0 helmet (worn)
 l - a +0 cloak (worn)
 m - a scarf of resistance
 s - +0 acid dragon scales (worn)
Jewellery
 i - a +4 ring of protection (left hand)
 o - a ring of fire
Scrolls
 f - a scroll of identify
 n - 2 scrolls of enchant weapon
Potions
 b - a potion of invisibility {unknown}
 c - a potion of enlightenment
 e - a potion of cancellation {unknown}
 h - a potion of might
 p - 3 potions of curing
 q - a potion of magic
 r - a potion of haste

Dungeon Overview and Level Annotations

Branches:
Dungeon (10/15)            Temple (1/1) D:4            Lair (2/5) D:10
 Spider (0/4) Lair:2          Orc (0/2) D:10
  Swamp: Lair:2-3    Shoals: Lair:2-3

Altars:
Ashenzari
Cheibriados
Dithmenos
Elyvilon
Fedhas
Gozag
Hepliaklqana
Kikubaaqudgha
Makhleb
Nemelex Xobeh
Okawaru
Qazlal
Ru
Sif Muna
Trog
Uskayaw
Vehumet
Wu Jian
Xom
Yredelemnul
Zin
The Shining One

Shops:
D:2 [?*=   D:4 *   D:9 [((:(


Message History

You start resting.
A scorpion is nearby!
You shoot a sling bullet. The sling bullet hits the scorpion!
You kill the scorpion!
Okawaru accepts your kill.
You start resting.
Magic restored.
You start resting.
A demonic crawler is nearby!
You shoot a sling bullet.
The demonic crawler gives a hideous shriek!
The sling bullet hits the demonic crawler but does no damage.
You shoot a sling bullet.
The sling bullet barely misses the demonic crawler.
You shoot a sling bullet.
The sling bullet hits the demonic crawler.
The demonic crawler is lightly wounded.
You shoot a sling bullet.
The sling bullet hits the demonic crawler!
The demonic crawler is lightly wounded.
You shoot a sling bullet.
The sling bullet hits the demonic crawler!
The demonic crawler is lightly wounded.
You shoot a sling bullet.
The sling bullet hits the demonic crawler.
The demonic crawler is lightly wounded.
You shoot a sling bullet.
The sling bullet hits the demonic crawler.
The demonic crawler is lightly wounded.
The demonic crawler completely misses you.
The demonic crawler hits you. The demonic crawler closely misses you.
You shoot a sling bullet.
The sling bullet hits the demonic crawler but does no damage.
The demonic crawler hits you but does no damage.
The demonic crawler barely misses you. The demonic crawler misses you.
You shoot a sling bullet.
The sling bullet hits the demonic crawler!
The demonic crawler is moderately wounded.
The demonic crawler hits you!
You die...

#.#..P# #. ...
##s#...# #.
...%##.s....####
...>.....?.....## #
.....##..........
###%##.#.#%.#.........
#...#.##.####.#.....##
##....#...##..#....###
#....@s........#....#.
##.....#.#.##.........
##..#.........#...#..
### ###.............
.#....####.# ..... ###
....# ##### .... .....
.####


You could see a demonic crawler.

Vanquished Creatures
  A two-headed ogre (D:10)
  Sonja (D:10)
  Pikel (D:7)
  Maurice (D:9)
  A cane toad (Lair:1)
  A torpor snail (Lair:1)
  A rime drake (Lair:2)
  3 komodo dragons (Lair:1)
  2 trolls
  2 hornets
  5 blink frogs (Lair:1)
  2 shadows (D:10)
  3 wyverns (D:10)
  13 yaks
  2 wraiths
  2 basilisks
  A steam dragon (D:8)
  An acid dragon (D:9)
  6 water moccasins
  An orc warrior (D:9)
  3 ice beasts
  A sky beast (D:8)
  2 black bears (D:10)
  6 wolves
  2 centaurs
  2 phantoms
  2 kobold brigands
  6 bullfrogs
  3 gnoll sergeants
  10 scorpions
  7 wights
  2 troll zombies (D:10)
  24 killer bees
  7 howler monkeys
  2 hounds
  A gnoll bouda (D:7)
  4 orc priests
  3 jellies
  4 iguanas
  5 orc wizards
  4 ogre zombies (D:10)
  17 gnolls
  4 adders
  2 shadow imps
  A white imp (D:7)
  4 ufetubi
  3 worms
  A dart slug (D:2)
  19 orcs
  8 endoplasms
  3 giant cockroaches
  6 goblins
  9 hobgoblins
  21 jackals
  2 quokkas
  8 ball pythons
  6 bats
  3 frilled lizards
  A goblin skeleton (D:10)
  3 goblin zombies (D:10)
  A hobgoblin skeleton (D:10)
  A hobgoblin zombie (D:10)
  16 kobolds
  2 orc skeletons (D:10)
  11 orc zombies (D:10)
  7 rats
309 creatures vanquished.

Notes
Turn   | Place    | Note
-------+----------+-------------------------------------------
     0 | D:1      | qw the Gargoyle Hunter began the quest for the Orb.
     0 | D:1      | Reached XP level 1. HP: 12/12 MP: 1/1
     0 | D:1      | 0 ||| qw: Version: 0.3-a-76-g4403597
     0 | D:1      | 0 ||| qw: Game counter: 1219
     0 | D:1      | 0 ||| qw: Melee chars always use a shield: true
     0 | D:1      | 0 ||| qw: God list: Okawaru
     0 | D:1      | 0 ||| qw: Allow faded altars: false
     0 | D:1      | 0 ||| qw: Do Orc after clearing Dungeon:15 true
     0 | D:1      | 0 ||| qw: Do second Lair branch before Depths: true
     0 | D:1      | 0 ||| qw: Lair rune preference: random
     0 | D:1      | 0 ||| qw: Goals: Normal
     0 | D:1      | 0 ||| PLANNING D:1-11
    66 | D:1      | Reached XP level 2. HP: 12/17 MP: 2/2
   457 | D:1      | Reached XP level 3. HP: 21/21 MP: 3/3
   509 | D:1      | Reached skill level 5 in Ranged Weapons
   934 | D:1      | 934 ||| READING scroll labelled EKKENG KA JAU.
   939 | D:1      | 939 ||| DROPPING scroll of butterflies.
  1029 | D:2      | 1029 ||| Stepping ~*~*~tactically~*~*~ (retreating).
  1030 | D:2      | 1030 ||| Stepping ~*~*~tactically~*~*~ (retreating).
  1041 | D:2      | Reached skill level 3 in Fighting
  1041 | D:2      | Reached XP level 4. HP: 20/28 MP: 4/4
  1317 | D:2      | Found Onnutito's Jewellery Emporium.
  1320 | D:2      | Found Foinocos's General Store.
  1328 | D:2      | 1328 ||| SHOPLISTING +4 ring of protection (360 gold, have
                  | 20).
  1328 | D:2      | 1328 ||| SHOPLISTING +4 ring of slaying (780 gold, have
                  | 20).
  1328 | D:2      | 1328 ||| SHOPLISTING ring of ice (250 gold, have 20).
  1328 | D:2      | 1328 ||| SHOPLISTING ring of see invisible (150 gold, have
                  | 20).
  1334 | D:2      | 1334 ||| SHOPLISTING 2 potions of haste (280 gold, have
                  | 20).
  1334 | D:2      | 1334 ||| SHOPLISTING scroll of identify (28 gold, have 20).
  1334 | D:2      | 1334 ||| SHOPLISTING scroll of teleportation (42 gold, have
                  | 20).
  1402 | D:2      | Identified the +11 sling of the Shifting Ancients {drain,
                  | rElec rCorr Int+7}
  1404 | D:2      | 1404 ||| SWAPPING to +11 sling of the Shifting Ancients
                  | {drain, rElec rCorr Int+7}.
  1405 | D:2      | 1405 ||| DROPPING +0 shortbow.
  1407 | D:2      | Found Pumn's Magic Scroll Shoppe.
  1414 | D:2      | 1414 ||| SHOPLISTING scroll of enchant armour (97 gold,
                  | have 20).
  1414 | D:2      | 1414 ||| SHOPLISTING scroll of enchant weapon (97 gold,
                  | have 20).
  1414 | D:2      | 1414 ||| SHOPLISTING scroll of identify (26 gold, have 20).
  1414 | D:2      | 1414 ||| SHOPLISTING scroll of teleportation (39 gold, have
                  | 20).
  1420 | D:2      | Found Qivvus's Armour Shoppe.
  1438 | D:2      | 1438 ||| SHOPLISTING +0 pair of boots (54 gold, have 20).
  1438 | D:2      | 1438 ||| SHOPLISTING +0 ring mail (48 gold, have 20).
  1804 | D:2      | 1804 ||| UPGRADING to +0 helmet.
  1809 | D:2      | 1809 ||| UPGRADING to +0 cloak.
  1814 | D:2      | 1814 ||| UPGRADING to +4 ring of protection.
  1815 | D:2      | 1815 ||| READING 2 scrolls labelled YTZODE USHA.
  1816 | D:2      | 1816 ||| READING 2 scrolls labelled MANONUARAB.
  1817 | D:2      | 1817 ||| READING scroll labelled DUQAHUMEIR.
  1818 | D:2      | 1818 ||| READING scroll labelled ATWIOSHR OSUDOORI.
  1819 | D:2      | 1819 ||| READING scroll labelled NAEB ZUYMEU.
  1819 | D:2      | Identified a scroll of acquirement
  1819 | D:2      | 1819 ||| ACQUIRING 808 gold pieces
  1819 | D:2      | Acquired 808 gold pieces
  1821 | D:2      | 1821 ||| DROPPING scroll of poison.
  1883 | D:3      | Found a faded altar of an unknown god.
  2042 | D:3      | 2042 ||| FLEEEEING.
  2069 | D:3      | Reached skill level 1 in Armour
  2141 | D:3      | Reached XP level 5. HP: 32/32 MP: 5/5
  2247 | D:3      | Found a shimmering altar of Xom.
  2370 | D:3      | Reached skill level 6 in Ranged Weapons
  2655 | D:3      | 2655 ||| UPGRADING to +0 ring mail.
  2665 | D:3      | 2665 ||| DROPPING +0 leather armour.
  2666 | D:3      | 2666 ||| READING 3 scrolls of identify.
  2666 | D:3      | 2666 ||| IDENTIFYING sedimented grey potion
  2667 | D:3      | 2667 ||| READING 2 scrolls of identify.
  2667 | D:3      | 2667 ||| IDENTIFYING fizzy blue potion
  2668 | D:3      | 2668 ||| DROPPING potion of brilliance.
  2669 | D:3      | 2669 ||| DROPPING potion of lignification.
  2818 | D:4      | Reached XP level 6. HP: 38/38 MP: 6/6
  2822 | D:4      | Identified the +7 dagger of Brawling {flame, rF+ rN+ Str-2
                  | Int+4}
  2972 | D:4      | Found a staircase to the Ecumenical Temple.
  2973 | D:4      | 2973 ||| PLANNING TEMPLE
  2973 | D:4      | 2973 ||| UPGRADING to amulet of guardian spirit.
  2978 | D:4      | Found an ancient bone altar of Kikubaaqudgha.
  2986 | Temple   | Entered the Ecumenical Temple
  2987 | Temple   | 2987 ||| PLANNING OKAWARU WORSHIP
  3004 | Temple   | Became a worshipper of Warmaster Okawaru
  3005 | Temple   | 3005 ||| PLANNING D:1-11
  3005 | Temple   | 3005 ||| REMOVING amulet of guardian spirit.
  3010 | Temple   | 3010 ||| DROPPING amulet of guardian spirit.
  3264 | D:4      | Found Oblatikh's Assorted Antiques.
  3273 | D:4      | 3273 ||| BUYING pair of glowing gloves (225 gold).
  3273 | D:4      | Bought a pair of glowing gloves for 225 gold pieces
  3273 | D:4      | 3273 ||| BUYING runed scarf (240 gold).
  3273 | D:4      | Bought a runed scarf for 240 gold pieces
  3273 | D:4      | 3273 ||| BUYING scroll labelled IBRIKY EROGI (30 gold).
  3273 | D:4      | Bought a scroll labelled IBRIKY EROGI for 30 gold pieces
  3273 | D:4      | 3273 ||| BUYING scroll of enchant weapon (225 gold).
  3273 | D:4      | Bought a scroll of enchant weapon for 225 gold pieces
  3374 | D:4      | 3374 ||| UPGRADING to +1 pair of gloves.
  3379 | D:4      | 3379 ||| DROPPING scarf of harm.
  3380 | D:4      | 3380 ||| READING scroll labelled YCKAHU OZYWO.
  3381 | D:4      | 3381 ||| READING scroll labelled IBRIKY EROGI.
  3406 | D:5      | Entered Level 5 of the Dungeon
  3709 | D:5      | Noticed a water moccasin
  3711 | D:5      | Killed a water moccasin
  3712 | D:5      | Reached skill level 7 in Ranged Weapons
  3712 | D:5      | Reached XP level 7. HP: 43/43 MP: 7/7
  4002 | D:5      | 4002 ||| DRINKING 2 bubbling brown potions.
  4062 | D:6      | Found an opulent altar of Gozag.
  4094 | D:6      | Reached * piety under Okawaru
  4095 | D:6      | Reached skill level 8 in Ranged Weapons
  4169 | D:6      | Reached skill level 1 in Invocations
  4174 | D:6      | 4174 ||| FLEEEEING.
  4175 | D:6      | 4175 ||| FLEEEEING.
  4181 | D:6      | 4181 ||| FLEEEEING.
  4193 | D:6      | Reached XP level 8. HP: 48/48 MP: 9/9
  4204 | D:6      | Reached skill level 3 in Invocations
  4259 | D:6      | Found a blossoming altar of Fedhas.
  4305 | D:6      | Reached ** piety under Okawaru
  4349 | D:6      | Identified the +2 battleaxe of Insufficient Pleasure
                  | {freeze, *Corrode rPois rC++}
  4518 | D:6      | 4518 ||| DRINKING 2 glowing ruby potions.
  4623 | D:6      | 4623 ||| DROPPING potion of berserk rage.
  4627 | D:7      | Noticed Pikel
  4628 | D:7      | 4628 ||| RETREATING.
  4630 | D:7      | 4630 ||| INVOKING Heroism.
  4642 | D:7      | Killed Pikel
  4643 | D:7      | Reached skill level 10 in Ranged Weapons
  4643 | D:7      | Reached XP level 9. HP: 41/54 MP: 10/12
  4765 | D:7      | Reached skill level 3 in Armour
  5034 | D:7      | Reached skill level 6 in Fighting
  5056 | D:7      | Reached *** piety under Okawaru
  5061 | D:7      | 5061 ||| INVOKING Heroism.
  5069 | D:7      | 5069 ||| Stepping ~*~*~tactically~*~*~ (outnumbered).
  5084 | D:7      | Identified the +1 quick blade of Massacring {elec, rElec
                  | rC+ Str+5 Int-5}
  5135 | D:7      | 5135 ||| READING scroll labelled GUKHOZ SISUR.
  5236 | D:7      | 5236 ||| DRINKING 2 purple potions.
  5237 | D:7      | 5237 ||| READING 2 scrolls of identify.
  5237 | D:7      | 5237 ||| IDENTIFYING sapphire potion
  5279 | D:8      | 5279 ||| INVOKING Heroism.
  5282 | D:8      | 5282 ||| Stepping ~*~*~tactically~*~*~ (cloud).
  5284 | D:8      | Reached skill level 11 in Ranged Weapons
  5317 | D:8      | 5317 ||| Stepping ~*~*~tactically~*~*~ (retreating).
  5318 | D:8      | 5318 ||| Stepping ~*~*~tactically~*~*~ (retreating).
  5319 | D:8      | 5319 ||| RETREATING.
  5327 | D:8      | 5327 ||| Stepping ~*~*~tactically~*~*~ (outnumbered).
  5338 | D:8      | Reached skill level 3 in Dodging
  5386 | D:8      | 5386 ||| RETREATING.
  5390 | D:8      | 5390 ||| Stepping ~*~*~tactically~*~*~ (retreating).
  5391 | D:8      | 5391 ||| Stepping ~*~*~tactically~*~*~ (retreating).
  5470 | D:8      | Reached XP level 10. HP: 63/63 MP: 13/13
  5653 | D:8      | Found a hazy altar of Hepliaklqana.
  5778 | D:8      | Found a bloodstained altar of Trog.
  5785 | D:8      | 5785 ||| READING 2 scrolls labelled JUL PUOZXA.
  5786 | D:8      | 5786 ||| READING scroll labelled KUSO HENLAKEATH.
  5787 | D:8      | 5787 ||| READING scroll labelled NUOS KE MED.
  5788 | D:8      | 5788 ||| READING 2 scrolls of identify.
  5788 | D:8      | 5788 ||| IDENTIFYING fizzy grey potion
  5789 | D:8      | 5789 ||| DROPPING potion of degeneration.
  5790 | D:8      | 5790 ||| DROPPING scroll of fear.
  5825 | D:9      | Found Ynooneich's Book Boutique.
  5830 | D:9      | 5830 ||| STAIRDANCE
  5835 | D:9      | 5835 ||| STAIRDANCE
  5855 | D:9      | 5855 ||| STAIRDANCE
  5899 | D:9      | Noticed Maurice
  5903 | D:9      | Paralysed by Maurice for 4 turns
  5908 | D:9      | 5908 ||| INVOKING Heroism.
  5916 | D:9      | Reached **** piety under Okawaru
  5918 | D:9      | Killed Maurice
  6051 | D:9      | Found Zatezam's Antique Weapon Shop.
  6120 | D:9      | Found Iwnynit's Antique Weapon Boutique.
  6224 | D:9      | Found a burning altar of Makhleb.
  6235 | D:9      | 6235 ||| Stepping ~*~*~tactically~*~*~ (outnumbered).
  6236 | D:9      | 6236 ||| Stepping ~*~*~tactically~*~*~ (outnumbered).
  6237 | D:9      | 6237 ||| Stepping ~*~*~tactically~*~*~ (outnumbered).
  6239 | D:9      | 6239 ||| Stepping ~*~*~tactically~*~*~ (outnumbered).
  6247 | D:9      | 6247 ||| Stepping ~*~*~tactically~*~*~ (outnumbered).
  6254 | D:9      | Found Boexuq's Antique Weapon Emporium.
  6351 | D:9      | 6351 ||| INVOKING Heroism.
  6413 | D:9      | 6413 ||| INVOKING Heroism.
  6427 | D:9      | Received a gift from Okawaru
  6528 | D:9      | Reached skill level 12 in Ranged Weapons
  6750 | D:9      | 6750 ||| Stepping ~*~*~tactically~*~*~ (outnumbered).
  6823 | D:9      | Found Atot's Armour Shop.
  7031 | D:9      | 7031 ||| UPGRADING to +0 acid dragon scales.
  7041 | D:9      | 7041 ||| DROPPING +0 ring mail.
  7042 | D:9      | 7042 ||| READING 3 scrolls labelled KAME KANAMEEWOLIE.
  7043 | D:9      | 7043 ||| DRINKING 2 red potions.
  7044 | D:9      | 7044 ||| DRINKING 2 sedimented yellow potions.
  7045 | D:9      | 7045 ||| READING 2 scrolls of identify.
  7045 | D:9      | 7045 ||| IDENTIFYING pink potion
  7046 | D:9      | 7046 ||| DROPPING potion of attraction.
  7047 | D:9      | 7047 ||| DROPPING 2 scrolls of vulnerability.
  7056 | D:10     | Entered Level 10 of the Dungeon
  7088 | D:10     | Noticed a two-headed ogre
  7089 | D:10     | 7089 ||| INVOKING Heroism.
  7094 | D:10     | Killed a two-headed ogre
  7133 | D:10     | Reached skill level 6 in Invocations
  7160 | D:10     | 7160 ||| RETREATING.
  7163 | D:10     | Reached XP level 11. HP: 68/68 MP: 15/15
  7193 | D:10     | Found a staircase to the Lair.
  7228 | D:10     | Noticed Sonja
  7229 | D:10     | 7229 ||| RETREATING.
  7231 | D:10     | 7231 ||| Stepping ~*~*~tactically~*~*~ (outnumbered).
  7235 | D:10     | 7235 ||| Stepping ~*~*~tactically~*~*~ (outnumbered).
  7257 | D:10     | 7257 ||| Stepping ~*~*~tactically~*~*~ (retreating).
  7262 | D:10     | 7262 ||| INVOKING Heroism.
  7273 | D:10     | Killed Sonja
  7278 | D:10     | HP: 17/68 [gnoll sergeant/+0 spear (4)]
  7279 | D:10     | 7279 ||| READING 2 scrolls of teleportation.
  7280 | D:10     | 7280 ||| DRINKING potion of heal wounds.
  7382 | D:10     | 7382 ||| RETREATING.
  7388 | D:10     | 7388 ||| INVOKING Heroism.
  7544 | D:10     | Found a glowing silver altar of Zin.
  7544 | D:10     | Found a stormy altar of Qazlal.
  7707 | D:10     | 7707 ||| RETREATING.
  7709 | D:10     | Reached skill level 13 in Ranged Weapons
  7733 | D:10     | Found a staircase to the Orcish Mines.
  7769 | D:10     | Reached ***** piety under Okawaru
  7836 | D:10     | 7836 ||| Stepping ~*~*~tactically~*~*~ (retreating).
  8069 | D:10     | 8069 ||| PLANNING LAIR
  8069 | D:10     | 8069 ||| READING 2 scrolls of identify.
  8069 | D:10     | 8069 ||| IDENTIFYING grey potion
  8087 | Lair:1   | Entered Level 1 of the Lair of Beasts
  8096 | Lair:1   | 8096 ||| INVOKING Heroism.
  8111 | Lair:1   | 8111 ||| RETREATING.
  8181 | Lair:1   | 8181 ||| INVOKING Heroism.
  8183 | Lair:1   | 8183 ||| RETREATING.
  8191 | Lair:1   | Reached skill level 9 in Fighting
  8191 | Lair:1   | Reached skill level 9 in Invocations
  8293 | Lair:1   | 8293 ||| INVOKING Heroism.
  8340 | Lair:1   | 8340 ||| RETREATING.
  8373 | Lair:1   | 8373 ||| INVOKING Heroism.
  8471 | Lair:1   | 8471 ||| Stepping ~*~*~tactically~*~*~ (retreating).
  8472 | Lair:1   | 8472 ||| Stepping ~*~*~tactically~*~*~ (retreating).
  8473 | Lair:1   | 8473 ||| Stepping ~*~*~tactically~*~*~ (retreating).
  8474 | Lair:1   | 8474 ||| Stepping ~*~*~tactically~*~*~ (retreating).
  8475 | Lair:1   | 8475 ||| Stepping ~*~*~tactically~*~*~ (retreating).
  8476 | Lair:1   | 8476 ||| Stepping ~*~*~tactically~*~*~ (retreating).
  8477 | Lair:1   | 8477 ||| Stepping ~*~*~tactically~*~*~ (retreating).
  8478 | Lair:1   | 8478 ||| Stepping ~*~*~tactically~*~*~ (retreating).
  8479 | Lair:1   | 8479 ||| INVOKING Heroism.
  8522 | Lair:1   | 8522 ||| INVOKING Heroism.
  8525 | Lair:1   | 8525 ||| RETREATING.
  8529 | Lair:1   | Reached XP level 12. HP: 76/76 MP: 16/19
  8531 | Lair:1   | Identified the -2 buckler "Akkevera" {Dex+3} (Okawaru
                  | gifted it to you on level 1 of the Lair of Beasts)
  8531 | Lair:1   | Received a gift from Okawaru
  8986 | Lair:2   | 8986 ||| STAIRDANCE
  9004 | Lair:2   | 9004 ||| STAIRDANCE
  9006 | Lair:1   | 9006 ||| Stepping ~*~*~tactically~*~*~ (retreating).
  9007 | Lair:1   | 9007 ||| Stepping ~*~*~tactically~*~*~ (retreating).
  9008 | Lair:1   | 9008 ||| Stepping ~*~*~tactically~*~*~ (retreating).
  9009 | Lair:1   | 9009 ||| Stepping ~*~*~tactically~*~*~ (retreating).
  9010 | Lair:1   | 9010 ||| Stepping ~*~*~tactically~*~*~ (retreating).
  9011 | Lair:1   | 9011 ||| Stepping ~*~*~tactically~*~*~ (retreating).
  9017 | Lair:1   | 9017 ||| Stepping ~*~*~tactically~*~*~ (retreating).
  9018 | Lair:1   | 9018 ||| Stepping ~*~*~tactically~*~*~ (retreating).
  9080 | Lair:2   | 9080 ||| STAIRDANCE
  9095 | Lair:2   | Reached skill level 14 in Ranged Weapons
  9165 | Lair:2   | Found a hole to the Spider Nest.
  9170 | Lair:2   | Noticed a demonic crawler
  9171 | Lair:2   | 9171 ||| RETREATING.
  9173 | Lair:2   | 9173 ||| Stepping ~*~*~tactically~*~*~ (retreating).
  9174 | Lair:2   | 9174 ||| INVOKING Heroism.
  9175 | Lair:2   | 9175 ||| Stepping ~*~*~tactically~*~*~ (retreating).
  9216 | Lair:2   | HP: 13/76 [demonic crawler (11)]
  9217 | Lair:2   | 9217 ||| READING scroll of teleportation.
  9217 | Lair:2   | HP: 4/76 [demonic crawler (10)]
  9227 | Lair:2   | 9227 ||| INVOKING Heroism.
  9253 | Lair:2   | HP: 9/76 [demonic crawler (5)]
  9255 | Lair:2   | Slain by a demonic crawler

Levels and vault maps discovered:
D:1:      giann_horns, layout_basic
D:2:      layout_basic, serial_shops, nicolae_shop_window_shopping,
          nicolae_shop_waterfront, shop, shop
D:3:      layout_basic, lemuel_doored_altar, shapermc_ecumenical_altar_acropolis
D:4:      layout_loops_ring, old_standard_altar,
          minmay_temple_entry_butterflies, serial_shops, shop
D:5:      layout_gridville, kennysheep_cross_room
D:6:      layout_rooms, grunt_gozag_breadcrumbs, mainiacjoe_overflow_alcove_1
D:7:      minmay_octagon_keep, layout_rooms, serial_glass, glass_columns_a,
          glass_columns_c, glass_columns_c, glass_columns_a, glass_columns_a,
          glass_columns_a, glass_columns_b, glass_columns_a,
          corexii_leaking_fountain, uniq_pikel
D:8:      layout_cave_pools, lightli_temple_of_fire,
          nicolae_hepliaklqana_hazy_memory
D:9:      layout_layer_cave, lemuel_crystal_altar, serial_shops, shop,
          nicolae_shop_tiny_real_fake_doors, nicolae_shop_tiny_real_fake_doors,
          nicolae_shop_stone, shop, uniq_maurice
D:10:     layout_cave_pools, chequers_temple_overflow_statue_of_worship,
          minmay_lair_entry_grove, zombieorc1_lemuel, kennysheep_path_1,
          uniq_sonja
Temple:   hellmonk_temple_forest_ring
Lair:1:   layout_chaotic_city
Lair:2:   dpeg_oklob_gauntlet, layout_loops_ring,
          nicolae_spider_entry_non_spiders

Skill      XL: |  1  2  3  4  5  6  7  8  9 10 11 12 |
---------------+-------------------------------------+-----
Ranged Weapons | 5 6 7 8 10 11 12 13 14 | 14.0
Fighting       | 3 4 5 7 8 9 |  9.2
Armour         | 1 2 4 5 |  5.8
Invocations    | 2 4 6 10 | 10.0
Dodging        | 2 3 4 |  4.1
Stealth        | |  1.1

Action                     |  1- 3 |  4- 6 |  7- 9 | 10-12 || total
---------------------------+-------+-------+-------+-------++-------
   Fire: Shortbow          |   107 |    48 |       |       ||   155
         Sling             |       |   102 |   162 |   531 ||   795
 Invoke: Heroism           |       |       |     3 |    14 ||    17
    Use: Scroll            |     1 |     9 |     2 |     9 ||    21
         Potion            |       |       |     3 |     3 ||     6
 Armour: Leather armour    |    45 |    11 |       |       ||    56
         Ring mail         |       |    17 |    58 |    35 ||   110
         Acid dragon scale |       |       |       |   207 ||   207
  Dodge: Dodged            |    46 |    31 |    59 |   243 ||   379

Table legend:
 A = Non-vault XP
 B = Vault XP
 C = Vault XP percentage of total XP
 D = Non-vault monster count
 E = Vault monster count
 F = Vault count percentage of total count
                 A         B        C        D         E       F
            +---------+---------+-------+---------+---------+-------
      Total |   15415 |    5708 |  27.0 |     250 |      59 |  19.1
            +---------+---------+-------+---------+---------+-------
        D:1 |      44 |       0 |   0.0 |      24 |       0 |   0.0
        D:2 |      95 |       0 |   0.0 |      28 |       0 |   0.0
        D:3 |     150 |       0 |   0.0 |      27 |       0 |   0.0
        D:4 |     137 |       0 |   0.0 |      15 |       0 |   0.0
        D:5 |     273 |       0 |   0.0 |       9 |       0 |   0.0
        D:6 |    1161 |       0 |   0.0 |      21 |       0 |   0.0
        D:7 |     267 |    1582 |  85.6 |       7 |      10 |  58.8
        D:8 |    1293 |       0 |   0.0 |      23 |       0 |   0.0
        D:9 |    1786 |     469 |  20.8 |      31 |       1 |   3.1
       D:10 |    2844 |    3224 |  53.1 |      32 |      41 |  56.2
     Lair:1 |    6984 |       0 |   0.0 |      32 |       0 |   0.0
     Lair:2 |     381 |     433 |  53.2 |       1 |       7 |  87.5
            +---------+---------+-------+---------+---------+-------
